 Dungeon Crawl Stone Soup version 0.32-a0-996-gb3226c233f (webtiles) character file.

Game seed: 17776944766848249806

3439 Konar the Skirmisher (level 10, -3/80 HPs)
             Began as a Coglin Hunter on Apr 23, 2024.
             Was a Believer of Okawaru.
             Slain by a cyan ugly thing (12 damage)
             ... on level 7 of the Dungeon.
             The game lasted 00:08:56 (6403 turns).

Konar the Skirmisher (Coglin Hunter)                Turns: 6403, Time: 00:08:57

Health: -3/80      AC:  8    Str: 11    XL:     10   Next: 5%
Magic:  12/12      EV: 11    Int:  9    God:    Okawaru [**....]
Gold:   21         SH:  0    Dex: 22    Spells: 9/9 levels left

rFire   + . .        a - +3 sling {Therese}
rCold   + . .        d - +0 sling {Qing}
rNeg    . . .        c - +1 leather armour
rPois   .            (no helmet)
rElec   .            j - scarf {rC+ rF+}
rCorr   .            g - +1 pair of gloves
SInv    .            f - +1 pair of boots
Will    .....        (amulet unavailable)
Stlth   ++           (ring unavailable)
HPRegen 0.33/turn    (ring unavailable)
MPRegen 0.13/turn    (no gizmo)

%: no passive effects
@: about to teleport, revved
A: off-hand wielding, slow wielding, warmup strikes, no jewellery
a: Invent Gizmo, Renounce Religion, Heroism


You were on level 7 of the Dungeon.
You worshipped Okawaru.
Okawaru was pleased with you.
You visited 2 branches of the dungeon, and saw 10 of its levels.

You collected 21 gold pieces.

Inventory:

Hand Weapons
 a - a +3 sling (weapon) {Therese}
 d - a +0 sling (offhand) {Qing}
Armour
 c - a +1 leather armour (worn)
 f - a +1 pair of boots (worn)
 g - a +1 pair of gloves (worn)
 j - a scarf of resistance (worn)
Scrolls
 b - 3 scrolls of identify
 n - a scroll of vulnerability
Potions
 e - 3 potions of mutation
 h - 4 potions of attraction
 i - a potion of magic
 o - a potion of berserk rage


   Skills:
 + Level 8.0 Fighting
 * Level 10.7 Ranged Weapons
 - Level 1.7 Dodging
 - Level 0.7 Stealth
 - Level 3.0 Invocations


You had 9 spell levels left.
You didn't know any spells.
Your spell library contained the following spells:

 Spells                   Type           Power      Damage    Failure   Level
 Freeze                   Ice            0%         1d3       47%         1
 Blink                    Tloc           0%         N/A       63%         2
 Lesser Beckoning         Tloc           0%         N/A       63%         2
 Momentum Strike          Conj/Tloc      0%         3d8       63%         2
 Frozen Ramparts          Ice            0%         1d1       85%         3
 Fugue of the Fallen      Necr           0%         N/A       85%         3
 Hailstorm                Conj/Ice       0%         3d5       85%         3
 Ozocubu's Armour         Ice            0%         N/A       85%         3
 Manifold Assault         Tloc           0%         N/A       100%        7


Dungeon Overview and Level Annotations

Branches:
Dungeon (9/15)             Temple (1/1) D:6
   Lair: D:8-11         Orc: D:9-12

Altars:
Ashenzari
Cheibriados
Dithmenos
Elyvilon
Gozag
Hepliaklqana
Kikubaaqudgha
Makhleb
Nemelex Xobeh
Okawaru
Qazlal
Ru
Sif Muna
Trog
Uskayaw
Vehumet
Wu Jian
Xom
Yredelemnul
Zin
The Shining One

Shops:
D:6 =

Annotations:
D:7 Maurice


Innate Abilities, Weirdness & Mutations

You can wield a second weapon in your off-hand.
It takes a long time for you to wield or remove held weapons.
Your first few attacks do less damage.
You cannot equip rings or amulets.


Message History

The sling bullet hits the cyan ugly thing but does no damage.
The cyan ugly thing is heavily wounded.
You shoot a sling bullet.
The sling bullet barely misses the cyan ugly thing.
You hear a zap.
The roots erupt in riotous growth!
The cyan ugly thing is unaffected.
The grasping roots grab you!
You are constricted.
The cyan ugly thing bites you. The cyan ugly thing shocks you!
You shoot a sling bullet.
The sling bullet hits the cyan ugly thing.
The cyan ugly thing is severely wounded.
You shoot a sling bullet.
The sling bullet hits the cyan ugly thing.
The cyan ugly thing is severely wounded.
You are constricted.
The cyan ugly thing bites you. The cyan ugly thing shocks you!
* * * LOW HITPOINT WARNING * * *
As you read the scroll of teleportation, it crumbles to dust.
You feel strangely unstable.
You are constricted.
* * * LOW HITPOINT WARNING * * *
The cyan ugly thing bites you but does no damage.
You shoot a sling bullet.
The sling bullet hits the cyan ugly thing but does no damage.
The cyan ugly thing is severely wounded.
You shoot a sling bullet.
The sling bullet hits the cyan ugly thing!
The cyan ugly thing is severely wounded.
You are constricted.
Something's grasping roots sink back into the ground.
You shoot a sling bullet.
The sling bullet hits the cyan ugly thing but does no damage.
The cyan ugly thing is severely wounded.
You shoot a sling bullet.
The sling bullet hits the cyan ugly thing.
The cyan ugly thing is almost dead.
The cyan ugly thing bites you.
* * * LOW HITPOINT WARNING * * *
The cyan ugly thing shocks you!
You die...

.# #.#.#☼### .#####
#.#☼#°#.### ..(..###
#.#☼#.#...#
####...###.#☼#°###.#
##......#?#°#.#.##
##....>..#)#°#....###
#.....)..#!#°##.....#
###........#?#.'.######
..........)#$#.#@#
.###.......#####u#
............####{#
######.#.........#
##.##......<.#
#..##........#######
#####.###..............#
#.....# ########.......#
#[########.............#


You could see a cyan ugly thing.

Vanquished Creatures
  Grinder (D:6)
  Sigmund (D:2)
  6 yaks (D:9)
  Eustachio (D:6)
  Edmund (D:6)
  A water moccasin (D:5)
  3 ice beasts
  A sky beast (D:7)
  2 centaurs (D:7)
  A phantom (D:5)
  3 bullfrogs
  A scorpion (D:6)
  3 wights (D:7)
  2 killer bees (D:9)
  3 howler monkeys
  4 hounds
  A jelly (D:4)
  A sleepcap (D:5)
  5 orc priests
  Terence (D:2)
  2 iguanas (D:5)
  An orc wizard (D:5)
  Natasha (twice) (D:2)
  8 adders
  A shadow imp (D:6)
  A dart slug (D:2)
  23 orcs
  5 endoplasms
  4 giant cockroaches
  11 goblins
  10 hobgoblins
  A jackal (D:5)
  9 kobolds
  9 quokkas
  6 ball pythons
  6 bats (D:1)
  5 frilled lizards
  9 rats
155 creatures vanquished.

Notes
Turn   | Place    | Note
-------+----------+-------------------------------------------
     0 | D:1      | Konar the Coglin Hunter began the quest for the Orb.
     0 | D:1      | Reached XP level 1. HP: 16/16 MP: 1/1
    83 | D:1      | Reached XP level 2. HP: 14/22 MP: 2/2
   187 | D:1      | Reached skill level 4 in Ranged Weapons
   534 | D:1      | Reached XP level 3. HP: 28/28 MP: 3/3
   996 | D:2      | Noticed Terence
  1005 | D:2      | Killed Terence
  1006 | D:2      | Reached XP level 4. HP: 9/35 MP: 4/4
  1196 | D:2      | Noticed Sigmund
  1202 | D:2      | Killed Sigmund
  1203 | D:2      | Reached skill level 5 in Ranged Weapons
  1203 | D:2      | Reached XP level 5. HP: 37/42 MP: 5/5
  1203 | D:2      | Reached XP level 6. HP: 43/48 MP: 6/6
  1461 | D:2      | Noticed Natasha
  1465 | D:2      | Killed Natasha
  1518 | D:2      | Noticed Natasha
  1524 | D:2      | Killed Natasha
  1766 | D:3      | Reached skill level 6 in Ranged Weapons
  2322 | D:3      | Found a faded altar of an unknown god.
  3195 | D:5      | Entered Level 5 of the Dungeon
  3355 | D:5      | Reached XP level 7. HP: 50/55 MP: 7/7
  3547 | D:5      | Reached skill level 7 in Ranged Weapons
  3778 | D:5      | Reached skill level 5 in Fighting
  3944 | D:5      | Found a broken altar of Ashenzari.
  4200 | D:5      | Reached XP level 8. HP: 60/62 MP: 8/8
  4537 | D:5      | Reached skill level 8 in Ranged Weapons
  4684 | D:6      | Noticed Grinder
  4939 | D:6      | Found a shimmering altar of Xom.
  4942 | D:6      | Found a sparkling altar of Nemelex Xobeh.
  4945 | D:6      | Found a glowing golden altar of the Shining One.
  4949 | D:6      | Became a worshipper of the Shining One
  5028 | D:6      | Found Tifaung's Jewellery Shoppe.
  5128 | D:6      | Found a radiant altar of Vehumet.
  5130 | D:6      | Noticed Edmund
  5138 | D:6      | Killed Edmund
  5201 | D:6      | Noticed Eustachio
  5213 | D:6      | Killed Eustachio
  5281 | D:6      | Reached skill level 9 in Ranged Weapons
  5287 | D:6      | Found a staircase to the Ecumenical Temple.
  5300 | D:6      | Killed Grinder
  5301 | D:6      | Reached XP level 9. HP: 64/71 MP: 9/9
  5303 | Temple   | Entered the Ecumenical Temple
  5309 | Temple   | Fell from the grace of the Shining One
  5309 | Temple   | Became a worshipper of Warmaster Okawaru
  5594 | D:7      | Noticed Maurice
  5668 | D:7      | You fall into a shaft and drop 2 floors!
  5681 | D:9      | Reached skill level 1 in Invocations
  5714 | D:9      | Reached skill level 10 in Ranged Weapons
  5722 | D:9      | Reached * piety under Okawaru
  5853 | D:9      | Noticed a cyan ugly thing
  5854 | D:9      | Noticed a green ugly thing
  5874 | D:9      | Found a glowing silver altar of Zin.
  5949 | D:7      | Noticed a cyan ugly thing
  6285 | D:7      | Reached XP level 10. HP: 80/80 MP: 12/12
  6364 | D:7      | Reached ** piety under Okawaru
  6395 | D:7      | Something stole 367 gold
  6403 | D:7      | Slain by a cyan ugly thing

Illustrated notes

Levels and vault maps discovered:
D:1:      minmay_arrival_widening_spiral_wide, layout_loops_ring
D:2:      minmay_alternating_diamond, layout_loops_ring, uniq_terence,
          uniq_natasha, uniq_sigmund
D:3:      layout_rooms, basic_ecumenical_altar
D:4:      layout_basic
D:5:      minmay_recursive_quarters, layout_basic,
          mainiacjoe_overflow_surrounded_room, grunt_ministairs_8,
          hangedman_decor_peaks_small, eino_small_chamber_without_monster,
          hangedman_decor_diamond_cutter
D:6:      layout_rooms, grunt_temple_overflow_diamond, lemuel_round_altar,
          minmay_temple_entry_waves, serial_shops, shop, uniq_edmund,
          uniq_eustachio, uniq_grinder
D:7:      lemuel_ice_spiral_2, layout_rooms, nicolae_houndstooth_variations,
          uniq_maurice
D:8:      layout_basic, fedhas_bush_and_centaur_altar, gammafunk_ghost_grave,
          grunt_decor_arrowhead
D:9:      layout_basic, kennysheep_mini, hangedman_minor_gate_pass,
          uniq_jeremiah
Temple:   eino_wide_crystal_templ

Skill      XL: |  1  2  3  4  5  6  7  8  9 10 |
---------------+-------------------------------+-----
Ranged Weapons | 4 5 6 7 9 10 | 10.7
Fighting       | 3 4 5 6 7 8 |  8.0
Invocations    | 2 3 |  3.0
Dodging        | |  1.7
Stealth        | |  0.7

Action                     |  1- 3 |  4- 6 |  7- 9 | 10-12 || total
---------------------------+-------+-------+-------+-------++-------
   Fire: Sling             |   176 |   200 |   490 |    48 ||   914
    Use: Scroll            |     4 |    10 |     5 |     1 ||    20
         Potion            |       |       |     9 |       ||     9
 Armour: Leather armour    |    24 |    19 |    72 |    15 ||   130
  Dodge: Dodged            |    23 |    31 |    52 |     2 ||   108

Table legend: (Time is in decaauts)
 A = Elapsed time spent in this place.
 B = Non-inter-level travel time spent in this place.
 C = Inter-level travel time spent in this place.
 D = Time resting spent in this place.
 E = Time spent auto-exploring this place.
 F = Levels seen in this place.
 G = Mean time per level.
                   A        B        C        D        E       F      G
               +--------+--------+--------+--------+--------+-----+--------+
         Total |   6410 |   5825 |    585 |    721 |   4142 |  10 |  641.0 |
       Dungeon |   6397 |   5817 |    580 |    721 |   4142 |   9 |  710.8 |
        Temple |     12 |      7 |      5 |      0 |      0 |   1 |   12.0 |
               +--------+--------+--------+--------+--------+-----+--------+

Top non-repeatable levels by time:
     D:5: 1422 daAuts
     D:2: 1356 daAuts
     D:6: 1008 daAuts
     D:1: 827 daAuts
     D:4: 626 daAuts
     D:3: 535 daAuts
     D:7: 344 daAuts
     D:9: 271 daAuts
  Temple: 12 daAuts
     D:8: 6 daAuts
